 Dungeon Crawl Stone Soup version 0.31-a0-237-g2d982f9f85 (webtiles) character file.

Game seed: 7941865269794610256

3831 qw the Skirmisher (level 9, -6/81 HPs)
             Began as a Minotaur Hexslinger on July 10, 2023.
             Killed from afar by Maurice (8 damage)
             ... with a puff of flame
             ... on level 8 of the Dungeon.
             The game lasted 00:03:04 (8157 turns).

qw the Skirmisher (Minotaur Hexslinger)             Turns: 8157, Time: 00:03:04

Health: -6/81      AC:  6    Str: 11    XL:     9   Next: 98%
Magic:  9/9        EV: 12    Int: 10    God:
Gold:   0          SH:  0    Dex: 16    Spells: 9/10 levels left

rFire   . . .        Y - +0 arbalest
rCold   + . .        (shield currently unavailable)
rNeg    . . .        h - +0 ring mail
rPois   +            (helmet restricted)
rElec   +            (no cloak)
rCorr   .            (no gloves)
SInv    .            e - +0 pair of boots
Will    +....        l - amulet of faith
Stlth   ++           k - ring of poison resistance
HPRegen 0.33/turn    o - ring "Qabbi" {rElec rC+ Will+ Str-3 Stlth+}
MPRegen 0.11/turn

%: faith
@: no status effects
A: horns 2, retaliatory headbutt
a: no special abilities


You were on level 8 of the Dungeon.
You visited 2 branches of the dungeon, and saw 9 of its levels.
You also visited: Sewer.

You collected 200 gold pieces.
You spent 200 gold pieces at shops.


Innate Abilities, Weirdness & Mutations

You have a pair of horns on your head.
You reflexively headbutt those who attack you in melee.


   Skills:
 + Level 8.2 Fighting
 - Level 13.0 Ranged Weapons
 - Level 3.1 Armour
 - Level 4.1 Dodging
 - Level 1.0 Spellcasting
 - Level 2.0 Hexes


You had 9 spell levels left.
You knew the following spells:

 Your Spells              Type           Power      Damage    Failure   Level
a - Slow                  Hex            16%        N/A       34%         1

Your spell library contained the following spells:

 Spells                   Type           Power      Damage    Failure   Level
 Inner Flame              Hex/Fire       2%         N/A       83%         3
 Portal Projectile        Hex/Tloc       4%         N/A       83%         3
 Cause Fear               Hex            2%         N/A       98%         4

Inventory:

Hand Weapons
 Y - a +0 arbalest (weapon)
Armour
 e - a +0 pair of boots (worn)
 h - a +0 ring mail (worn)
Jewellery
 c - a ring of fire
 k - a ring of poison resistance (left hand)
 l - an amulet of faith (around neck)
 o - the ring "Qabbi" (right hand) {rElec rC+ Will+ Str-3 Stlth+}
   (You acquired it on level 7 of the Dungeon)

   [ring of willpower]

   Str:       It affects your strength (-3).
   rC:        It protects you from cold.
   rElec:     It insulates you from electricity.
   Will:      It increases your willpower.
   Stlth:     It makes you more stealthy.
Scrolls
 d - a scroll of teleportation
Potions
 a - a potion of ambrosia {unknown}
 f - 2 potions of haste
 g - 3 potions of resistance
 i - 2 potions of enlightenment
 j - 3 potions of mutation
 m - a potion of cancellation
 n - 2 potions of curing

Dungeon Overview and Level Annotations

Branches:
Dungeon (8/15)             Temple (1/1) D:5           Sewer (visited)
   Lair: D:8-11

Altars:
Ashenzari
Cheibriados
Dithmenos
Elyvilon
Fedhas
Hepliaklqana
Kikubaaqudgha
Makhleb
Nemelex Xobeh
Qazlal
Ru
Vehumet
Wu Jian
Xom
Zin

Shops:
D:5 =:

Annotations:
D:7 2 runed translucent doors, Crazy Yiuf; qw's ghost, amateur MiHs
D:8 Maurice


Message History

You shoot a bolt. You shoot a bolt. Something hits you but does no damage.
Something hits you.
Something steals your 5 scrolls of identify!
You shoot a bolt. Something hits you but does no damage. Something hits you.
Something grunts, "Curses!"
You shoot a bolt.
You hear a zap.
A puff of flame appears from out of thin air!
The puff of flame hits you. Something hits you.
Something mutters, "Now where did you hide it?"
You shoot a bolt. The bolt hits you!
You hear some strange, mumbled words.
Something hits you.
Something groans, "What are you, a monk?"
You shoot a bolt. The bolt hits you but does no damage.
Something hits you but does no damage. Something barely misses you.
You shoot a bolt. Something hits you but does no damage. Something hits you!
Something mutters, "Now where did you hide it?"
You shoot a bolt. Something hits you.
Something groans, "What are you, a monk?"
You hear some strange, mumbled words.
You shoot a bolt. You shoot a bolt. You shoot a bolt.
You hear some strange, mumbled words.
You shoot a bolt. The bolt hits you but does no damage.
You hear a zap.
A puff of flame appears from out of thin air!
The puff of flame hits you.
You shoot a bolt. The bolt barely misses you.
You hear some strange, mumbled words.
You shoot a bolt.
You hear a zap.
A puff of flame appears from out of thin air!
The puff of flame hits you!
You die...

#########
#......{.
#@# #.#
#.# #.#
########.#
....>....#
#..#
#.......#
#..#
#.####.##
#..# #.#
#.#


There were no monsters in sight!

Vanquished Creatures
  A hornet (D:7)
  Sigmund (D:2)
  4 yaks (D:8)
  3 water moccasins
  An orc warrior (D:7)
  2 ice beasts
  2 black bears
  A sky beast (D:7)
  3 ogres
  2 phantoms (D:5)
  3 kobold brigands
  3 bullfrogs
  3 scorpions
  4 killer bees (D:7)
  3 howler monkeys
  2 jellies
  A hound (D:5)
  A gnoll bouda (D:7)
  4 orc wizards
  7 iguanas
  7 gnolls
  7 river rats (Sewer)
  15 adders
  2 white imps
  2 ufetubi
  2 worms
  4 dart slugs
  8 orcs
  5 bats
  4 endoplasms
  7 giant cockroaches
  8 hobgoblins
  3 jackals (D:1)
  34 kobolds
  3 quokkas
  6 ball pythons
  4 frilled lizards
  11 goblins
  24 rats
207 creatures vanquished.

Notes
Turn   | Place    | Note
-------+----------+-------------------------------------------
     0 | D:1      | qw the Minotaur Hexslinger began the quest for the Orb.
     0 | D:1      | Reached XP level 1. HP: 16/16 MP: 1/1
     0 | D:1      | 0 ||| qw: Version: 0.3-a-52-g30416fa
     0 | D:1      | 0 ||| qw: Game counter: 4993
     0 | D:1      | 0 ||| qw: Melee chars always use a shield: true
     0 | D:1      | 0 ||| qw: God list: Okawaru
     0 | D:1      | 0 ||| qw: Allow faded altars: false
     0 | D:1      | 0 ||| qw: Do Orc after clearing Dungeon:15 true
     0 | D:1      | 0 ||| qw: Do second Lair branch before Depths: true
     0 | D:1      | 0 ||| qw: Lair rune preference: random
     0 | D:1      | 0 ||| qw: Goals: Normal
     0 | D:1      | 0 ||| PLANNING D:1-11
   130 | D:1      | Reached skill level 3 in Ranged Weapons
   134 | D:1      | Reached XP level 2. HP: 20/23 MP: 2/2
   346 | D:1      | Reached XP level 3. HP: 29/29 MP: 3/3
   528 | D:1      | 528 ||| UPGRADING to +0 leather armour.
   538 | D:1      | 538 ||| DROPPING +0 robe.
   539 | D:1      | 539 ||| UPGRADING to amulet of faith.
   544 | D:1      | 544 ||| READING scroll labelled WABUEKHL FEDUOMAST.
   545 | D:1      | 545 ||| READING scroll labelled CYRONWIPSE.
   546 | D:1      | 546 ||| READING scroll labelled OMUPRU BIREAPTUG.
   547 | D:1      | 547 ||| READING scroll labelled FENWAM ZACAIDDUSM.
   548 | D:1      | 548 ||| DRINKING 2 brown potions.
   549 | D:1      | 549 ||| DROPPING scroll of poison.
   630 | D:2      | Found a blossoming altar of Fedhas.
   908 | D:2      | Reached skill level 4 in Ranged Weapons
  1345 | D:2      | 1345 ||| UPGRADING to +0 pair of boots.
  1350 | D:2      | 1350 ||| READING scroll labelled KIKICVOLAW.
  1351 | D:2      | 1351 ||| READING scroll labelled POTODO DAIJUA.
  1356 | D:2      | 1356 ||| READING scroll labelled ECUISU ASAI.
  1410 | D:3      | Reached XP level 4. HP: 36/36 MP: 4/4
  1469 | D:3      | Found a faded altar of an unknown god.
  1568 | D:3      | Found a shadowy altar of Dithmenos.
  1743 | D:3      | Noticed Sigmund
  1747 | D:3      | 1747 ||| FLEEEEING.
  1748 | D:3      | 1748 ||| FLEEEEING.
  1749 | D:3      | 1749 ||| FLEEEEING.
  1752 | D:3      | 1752 ||| STAIRDANCE
  1784 | D:2      | 1784 ||| READING scroll labelled ZICISI KOUN.
  1785 | D:2      | 1785 ||| DRINKING 2 black potions.
  1786 | D:2      | 1786 ||| READING 3 scrolls of identify.
  1786 | D:2      | 1786 ||| IDENTIFYING glowing ruby potion
  1787 | D:2      | 1787 ||| READING 2 scrolls of identify.
  1787 | D:2      | 1787 ||| IDENTIFYING smoky ruby potion
  1793 | D:3      | Reached skill level 5 in Ranged Weapons
  1797 | D:3      | 1797 ||| STAIRDANCE
  1880 | D:3      | 1880 ||| STAIRDANCE
  1893 | D:2      | Killed Sigmund
  1894 | D:2      | Reached XP level 5. HP: 31/48 MP: 5/5
  1961 | D:3      | 1961 ||| STAIRDANCE
  1991 | D:3      | 1991 ||| STAIRDANCE
  2031 | D:3      | 2031 ||| STAIRDANCE
  2037 | D:2      | Reached XP level 6. HP: 42/56 MP: 6/6
  2087 | D:3      | 2087 ||| STAIRDANCE
  2318 | D:3      | HP: 1/56 [ogre/+0 giant spiked club (32)]
  2323 | D:3      | HP: 1/56 [goblin/+0 club (1)]
  2324 | D:3      | Reached skill level 6 in Ranged Weapons
  2618 | D:3      | 2618 ||| READING scroll labelled HYWEODW MEARUA.
  2672 | D:4      | Identified the +11 dagger of the Special Xenophobes
                  | {antimagic, rN++ Str+4}
  2715 | D:4      | Reached skill level 1 in Armour
  2799 | D:4      | Found a hazy altar of Hepliaklqana.
  2855 | D:4      | Found a white marble altar of Elyvilon.
  3019 | D:4      | 3019 ||| SWAPPING to +0 arbalest.
  3020 | D:4      | 3020 ||| DROPPING +2 sling of flaming.
  3022 | D:4      | 3022 ||| UPGRADING to +0 ring mail.
  3032 | D:4      | 3032 ||| DROPPING +0 leather armour.
  3033 | D:4      | 3033 ||| READING scroll labelled ZEIDAFUTZO.
  3126 | D:4      | 3126 ||| READING 4 scrolls of identify.
  3126 | D:4      | 3126 ||| IDENTIFYING inky potion
  3127 | D:4      | 3127 ||| READING 3 scrolls of identify.
  3127 | D:4      | 3127 ||| IDENTIFYING smoky clear potion
  3128 | D:4      | 3128 ||| DROPPING potion of brilliance.
  3156 | D:5      | Entered Level 5 of the Dungeon
  3249 | D:5      | Found a staircase to the Ecumenical Temple.
  3250 | D:5      | 3250 ||| PLANNING TEMPLE
  3250 | D:5      | 3250 ||| READING scroll labelled PYOBLUEGG GUSU.
  3260 | Temple   | Entered the Ecumenical Temple
  3436 | Temple   | 3436 ||| PLANNING D:1-11
  3551 | D:5      | Found Kegofaforoj's Book Shoppe.
  3556 | D:5      | Found Vokhoteq's Jewellery Emporium.
  3566 | D:5      | 3566 ||| SHOPLISTING +6 ring of dexterity (360 gold, have
                  | 240).
  3566 | D:5      | 3566 ||| BUYING ring of poison resistance (200 gold).
  3566 | D:5      | Bought a ring of poison resistance for 200 gold pieces
  3566 | D:5      | 3566 ||| SHOPLISTING ring of protection from cold (250
                  | gold, have 40).
  3566 | D:5      | 3566 ||| SHOPLISTING ring of resist corrosion (200 gold,
                  | have 40).
  3571 | D:5      | 3571 ||| Stepping ~*~*~tactically~*~*~ (outnumbered).
  3573 | D:5      | 3573 ||| Stepping ~*~*~tactically~*~*~ (outnumbered).
  3684 | D:5      | Found a snail-covered altar of Cheibriados.
  3722 | D:5      | Reached skill level 7 in Ranged Weapons
  3722 | D:5      | Reached XP level 7. HP: 56/61 MP: 7/7
  3879 | D:5      | Reached skill level 8 in Ranged Weapons
  3879 | D:5      | 3879 ||| FLEEEEING.
  3880 | D:5      | 3880 ||| FLEEEEING.
  3882 | D:5      | 3882 ||| FLEEEEING.
  3883 | D:5      | 3883 ||| FLEEEEING.
  3884 | D:5      | 3884 ||| FLEEEEING.
  3885 | D:5      | 3885 ||| FLEEEEING.
  3886 | D:5      | 3886 ||| FLEEEEING.
  3887 | D:5      | 3887 ||| FLEEEEING.
  3890 | D:5      | 3890 ||| FLEEEEING.
  3891 | D:5      | 3891 ||| FLEEEEING.
  3894 | D:5      | 3894 ||| FLEEEEING.
  3897 | D:5      | 3897 ||| FLEEEEING.
  3898 | D:5      | 3898 ||| FLEEEEING.
  3901 | D:5      | 3901 ||| FLEEEEING.
  3902 | D:5      | 3902 ||| STAIRDANCE
  3933 | D:4      | 3933 ||| UPGRADING to ring of poison resistance.
  3936 | D:5      | 3936 ||| STAIRDANCE
  3938 | D:4      | HP: 15/61 [sleepcap (1)]
  3939 | D:4      | 3939 ||| READING 2 scrolls of teleportation.
  4164 | D:5      | Found a blossoming altar of Fedhas.
  4304 | D:5      | 4304 ||| FLEEEEING.
  4305 | D:5      | 4305 ||| FLEEEEING.
  4306 | D:5      | 4306 ||| FLEEEEING.
  4307 | D:5      | 4307 ||| FLEEEEING.
  4311 | D:5      | 4311 ||| FLEEEEING.
  4312 | D:5      | 4312 ||| FLEEEEING.
  4313 | D:5      | 4313 ||| FLEEEEING.
  4314 | D:5      | 4314 ||| FLEEEEING.
  4315 | D:5      | 4315 ||| DRINKING potion of curing.
  4315 | D:5      | 4315 ||| (to cure confusion)
  4583 | D:5      | Found a broken altar of Ashenzari.
  4604 | D:5      | Reached skill level 9 in Ranged Weapons
  4604 | D:5      | Reached XP level 8. HP: 68/68 MP: 8/8
  4725 | D:6      | 4725 ||| PLANNING SEWER
  4781 | D:6      | Found a glowing drain.
  4796 | D:6      | Reached skill level 6 in Fighting
  4806 | Sewer    | Entered a sewer
  4958 | Sewer    | Reached skill level 3 in Dodging
  4965 | Sewer    | 4965 ||| Stepping ~*~*~tactically~*~*~ (water).
  5295 | Sewer    | 5295 ||| DRINKING 3 glowing green potions.
  5296 | Sewer    | 5296 ||| READING 2 scrolls of identify.
  5296 | Sewer    | 5296 ||| IDENTIFYING blue potion
  5297 | Sewer    | 5297 ||| DROPPING 2 potions of magic.
  5332 | D:6      | 5332 ||| PLANNING D:1-11
  5510 | D:6      | Reached skill level 10 in Ranged Weapons
  5530 | D:6      | Found a shimmering altar of Xom.
  5949 | D:6      | 5949 ||| READING 5 scrolls of identify.
  5949 | D:6      | 5949 ||| IDENTIFYING yellow potion
  6223 | D:7      | 6223 ||| Stepping ~*~*~tactically~*~*~ (outnumbered).
  6287 | D:7      | Reached XP level 9. HP: 61/79 MP: 9/9
  6399 | D:7      | Reached skill level 11 in Ranged Weapons
  6427 | D:7      | Paralysed by a hornet for 1 turns
  6432 | D:7      | Reached skill level 3 in Armour
  6432 | D:7      | HP: 19/79 [kobold brigand/+0 dagger (3)]
  6433 | D:7      | 6433 ||| READING 2 scrolls of teleportation.
  6436 | D:7      | 6436 ||| DRINKING potion of heal wounds.
  6575 | D:7      | Found a runed translucent door.
  6580 | D:7      | Noticed qw's ghost (amateur MiHs)
  6786 | D:7      | Found a runed translucent door.
  6787 | D:7      | Noticed Crazy Yiuf
  6870 | D:7      | 6870 ||| FLEEEEING.
  7207 | D:7      | 7207 ||| READING scroll labelled VUQISK ANLUIXE.
  7208 | D:7      | 7208 ||| READING scroll labelled FERGHOSMYT SUIDYARA.
  7208 | D:7      | Identified a scroll of acquirement
  7208 | D:7      | 7208 ||| ACQUIRING ring "Qabbi" {rElec rC+ Will+ Str-3
                  | Stlth+}
  7208 | D:7      | Acquired the ring "Qabbi" {rElec rC+ Will+ Str-3 Stlth+}
  7210 | D:7      | 7210 ||| UPGRADING to ring "Qabbi" {rElec rC+ Will+ Str-3
                  | Stlth+}.
  7211 | D:7      | 7211 ||| READING 5 scrolls of identify.
  7211 | D:7      | 7211 ||| IDENTIFYING fuming clear potion
  7212 | D:7      | 7212 ||| DROPPING potion of degeneration.
  7263 | D:8      | 7263 ||| PLANNING OSSUARY
  7265 | D:8      | 7265 ||| STAIRDANCE
  7272 | D:7      | HP: 19/79 [poisoned by a killer bee]
  7273 | D:7      | Reached skill level 12 in Ranged Weapons
  7273 | D:7      | 7273 ||| READING 2 scrolls of teleportation.
  7274 | D:7      | HP: 9/79 [killer bee (2)]
  7276 | D:7      | HP: 4/79 [poisoned by a killer bee]
  7277 | D:7      | 7277 ||| READING scroll of teleportation.
  7279 | D:7      | HP: 1/79 [kobold/+0 club (1)]
  7617 | D:8      | 7617 ||| STAIRDANCE
  7701 | D:8      | 7701 ||| STAIRDANCE
  7904 | D:8      | Reached skill level 13 in Ranged Weapons
  7985 | D:8      | 7985 ||| RIP OSSUARY
  8025 | D:8      | 8025 ||| PLANNING D:1-11
  8133 | D:8      | Noticed Maurice
  8148 | D:8      | HP: 17/81 [suicidal targeting (8)]
  8150 | D:8      | HP: 8/81 [something (9)]
  8151 | D:8      | HP: 2/81 [something (6)]
  8157 | D:8      | Killed from afar by Maurice

Levels and vault maps discovered:
D:1:      spicycebolla_arrival_xxxplode, layout_basic, minmay_tetromino_o2
D:2:      layout_basic, basic_altar
D:3:      layout_loops_cross, mainiacjoe_overflow_paths,
          shapermc_ecumenical_altar_gd, minmay_ogre_servants, uniq_sigmund
D:4:      layout_cave_pools, nzn_hepliaklqana_mist_gate,
          overflow_temple_1_default
D:5:      layout_loops_ring, marbit_many_paths, kennysheep_slug_shrine,
          ashenzari_conservatory_becter, temple_fountains, serial_shops,
          nicolae_square_shop, nicolae_shop_stone, hangedman_decor_push,
          minmay_misc_feat_cross, minmay_manual_mandibuliform
D:6:      layout_loops_cross, lemuel_crystal_altar, gup_sewer_entry_glass,
          hangedman_abyss_or_decor_stagger
D:7:      layout_loops_ring, ebering_ghost_reflecting_pool,
          hangedman_minor_gate_pass, uniq_crazy_yiuf_cottage
D:8:      layout_loops_ring, nicolae_ossuary_entry_ruins, uniq_maurice
Temple:   nicolae_temple_bog_church

Skill      XL: |  1  2  3  4  5  6  7  8  9 |
---------------+----------------------------+-----
Ranged Weapons | 3 4 5 7 9 10 13 | 13.0
Fighting       | 2 5 7 8 |  8.2
Armour         | 1 2 3 |  3.1
Dodging        | 3 4 |  4.1
Spellcasting   | |  1.0
Hexes          | |  2.0

Action                     |  1- 3 |  4- 6 |  7- 9 || total
---------------------------+-------+-------+-------++-------
   Fire: Sling             |   111 |   121 |       ||   232
         Arbalest          |       |    30 |   355 ||   385
    Use: Scroll            |     7 |     8 |     9 ||    24
         Potion            |     1 |     1 |     3 ||     5
 Armour: Robe              |     4 |       |       ||     4
         Leather armour    |     5 |     8 |       ||    13
         Ring mail         |       |    10 |    85 ||    95
  Dodge: Dodged            |    25 |    50 |   134 ||   209

Table legend:
 A = Non-vault XP
 B = Vault XP
 C = Vault XP percentage of total XP
 D = Non-vault monster count
 E = Vault monster count
 F = Vault count percentage of total count
                 A         B        C        D         E       F
            +---------+---------+-------+---------+---------+-------
      Total |    3819 |    1655 |  30.2 |     131 |      76 |  36.7
            +---------+---------+-------+---------+---------+-------
        D:1 |      43 |       4 |   8.5 |      22 |       2 |   8.3
        D:2 |      74 |     206 |  73.6 |      15 |       1 |   6.2
        D:3 |      77 |     133 |  63.3 |      17 |       9 |  34.6
        D:4 |      39 |      45 |  53.6 |       8 |       1 |  11.1
        D:5 |     424 |     430 |  50.4 |      13 |       7 |  35.0
        D:6 |     740 |      19 |   2.5 |      13 |       4 |  23.5
        D:7 |    1304 |     654 |  33.4 |      23 |       8 |  25.8
        D:8 |    1118 |       0 |   0.0 |      20 |       0 |   0.0
      Sewer |       0 |     164 | 100.0 |       0 |      44 | 100.0
            +---------+---------+-------+---------+---------+-------
